Map: Catalyst LE

Players

Juxtapose

  • Race: Zerg Zerg
  • League: Platinum
  • Spawn Location: 5:00

xMATTx - Winner!

  • Race: Protoss Protoss
  • League: Diamond
  • Spawn Location: 11:00

VOD

https://youtu.be/ZrnE4IcgcLU

Description

This match frustrated me as once again a classic composition of Zerglings and Banelings would have served far better than Roaches. I'm thinking I'm going to start practicing that against both Protoss opponents, and Terrans that go bio and see what happens.

Not pulling back my cluster of Overlords as well... I'm just not playing well this week.

Time

  • Played on: Jan. 11, 2018, 7:01 p.m.
  • Length: 9:06
Show
View Real Time Build Order
Export as new Build Order

Juxtapose Zerg 

Build Orders: Hatch First 

Get SALT Encoding   

  12  0:01  Drone  
  13  0:09  Drone  
  14  0:16  Overlord  
  14  0:35  Drone x2  
  16  0:52  Hatchery  
  16  0:53  Drone  
  16  1:01  Drone, Extractor  
  16  1:16  Drone, Spawning Pool  
  16  1:27  Overlord  
  16  1:30  Drone  
  17  1:39  Drone  
  18  1:41  Drone  
  19  1:51  Drone  
  20  2:03  Queen  
  20  2:04  Queen  
  20  2:06  Drone  
  25  2:11  Drone  
  26  2:16  Drone  
  26  2:17  Drone  
  28  2:26  Zergling x4  
  30  2:33  Overlord  
  30  2:35  Extractor  
  29  2:38  Zergling x2  
  30  2:50  Zergling x2  
  31  2:52  Drone  
  31  2:57  Roach Warren  
  31  3:09  Spore Crawler  
  31  3:10  Drone  
  31  3:11  Drone x2  
  33  3:13  Spore Crawler  
  32  3:26  Drone x2  
  34  3:27  Drone x2  
  36  3:38  Drone x4  
  40  3:43  Overlord  
  40  3:46  Roach  
  43  3:48  Drone  
  43  4:04  Drone x3  
  43  4:05  Roach  
  48  4:21  Extractor  
  47  4:24  Extractor  
  47  4:27  Evolution Chamber, Queen  
  47  4:28  Lair  
  47  4:30  Roach x2  
  51  4:32  Overlord  
  51  4:36  Drone  
  52  4:50  Drone x2  
  52  4:51  Roach x3  
  52  4:52  Overlord x2  
  60  4:57  Zerg Missile Weapons Level 1  
  60  5:13  Drone x3  
  63  5:17  Roach  
  63  5:18  Roach x4  
  73  5:26  Roach x2  
  75  5:34  Overlord  
  75  5:40  Queen  
  73  5:46  Roach x3  
  65  6:03  Spine Crawler  
  60  6:07  Spine Crawler  
  60  6:08  Roach  
  61  6:16  Queen  
  61  6:18  Roach x3  
  47  6:49  Roach x4  
  47  6:50  Roach x2  
  59  7:13  Roach x6  
  66  7:32  Roach x2  
  58  7:49  Roach x3  
  57  8:13  Overlord x3  
  51  8:34  Roach x3  
Show
View Real Time Build Order
Export as new Build Order

xMATTx Protoss - Winner!

Build Orders:  

Get SALT Encoding   

  12  0:01  Probe  
  13  0:17  Pylon  
  13  0:21  Probe  
  14  0:39  Gateway  
  14  0:42  Assimilator  
  14  0:56  Probe  
  15  1:08  Probe  
  16  1:20  Probe  
  17  1:31  Cybernetics Core  
  17  1:32  Probe  
  18  1:33  Zealot  
  20  1:44  Probe  
  21  1:48  Pylon  
  21  1:56  Probe  
  22  2:03  Warp Gate (Chrono Boost)  
  22  2:15  Probe  
  22  2:17  Twilight Council  
  22  2:19  Assimilator  
  23  2:28  Probe  
  24  2:33  Pylon  
  24  2:40  Probe  
  25  2:48  Charge (Chrono Boost)  
  25  2:52  Probe  
  26  3:04  Gateway  
  26  3:07  Gateway  
  26  3:09  Gateway  
  26  3:17  Robotics Facility  
  26  3:32  Gateway  
  26  3:37  Pylon  
  26  4:02  Pylon  
  26  4:05  Pylon, Warp Prism  
  27  4:15  Zealot  
  27  4:16  Zealot  
  31  4:19  Zealot  
  33  4:25  Zealot  
  35  5:10  Zealot x3  
  35  5:11  Zealot x2  
  45  5:30  Stalker  
  45  5:31  Stalker x2  
  45  5:32  Stalker x2  
  47  5:55  Zealot x3  
  47  5:56  Zealot  
  45  6:11  Zealot  
  37  6:21  Stalker x2  
  37  6:22  Stalker  
  43  6:39  Stalker  
  41  6:40  Stalker  
  41  7:06  Zealot  
  41  7:07  Stalker  
  41  7:08  Stalker x2  
  47  7:09  Zealot  
  51  7:20  Probe  
  52  7:35  Zealot x2  
  56  7:37  Zealot x2  
  60  7:57  Zealot x3  
  62  8:10  Zealot  
  60  8:21  Zealot  
  60  8:22  Zealot  
  60  8:24  Probe  
  43  8:53  Probe  
Tags
 
Add a new tag
Caveats
  • Supply blocks, unpowered buildings, or Contaminate may cause inaccurate times.
  • Supply counts are checked every 10 seconds.